 Dungeon Crawl Stone Soup version 0.26-a0-639-g72c4674329 (webtiles) character file.

Game seed: 9371466860025813638

758 Lanoc the Digger (level 7, -9/46 HPs)
             Began as a Demonspawn Earth Elementalist on Sept 22, 2020.
             Was an Initiate of Gozag.
             Mangled by Duvessa
             ... wielding a +3 short sword of speed
              (11 damage)
             ... on level 6 of the Dungeon.
             The game lasted 00:08:10 (6856 turns).

Lanoc the Digger (Demonspawn Earth Elementalist)    Turns: 6856, Time: 00:08:11

Health: -9/46      AC:  4    Str:  8    XL:     7   Next: 50%
Magic:  9/10       EV: 15    Int: 19    God:    Gozag
Gold:   224        SH:  0    Dex: 19    Spells: 7/10 levels left

rFire    + . .     SeeInvis .   d - +2 dagger (venom)
rCold    . . .     Faith    .   (no shield)
rNeg     . . .     Spirit   .   c - +1 robe
rPois    +         Reflect  .   (helmet restricted)
rElec    .         Harm     .   (no cloak)
rCorr    .         Rampage  .   (no gloves)
MR       .....                  (no boots)
Stlth    ++........             (no amulet)
HPRegen  0.15/turn              q - +6 ring of dexterity
MPRegen  0.12/turn              r - ring of poison resistance

@: gold aura
A: horns 1, fire resistance 1, sharp scales 1
a: Potion Petition, Call Merchant, Bribe Branch, Renounce Religion


You were on level 6 of the Dungeon.
You worshipped Gozag.
Gozag was aware of your devotion.
You visited 2 branches of the dungeon, and saw 7 of its levels.

You collected 296 gold pieces.
You paid 72 gold pieces to Gozag.

Inventory:

Hand Weapons
 d - a +2 dagger of venom (weapon)
Missiles
 b - 43 stones (quivered)
Armour
 c - a +1 robe (worn)
Jewellery
 q - a +6 ring of dexterity (left hand)
 r - a ring of poison resistance (right hand)
Wands
 t - a wand of acid (7)
Scrolls
 a - a scroll of fear {unknown}
 e - 7 scrolls of identify
 f - a scroll of noise {unknown}
 h - 2 scrolls of immolation {unknown}
 l - 3 scrolls of teleportation {unknown}
 n - 2 scrolls of amnesia {unknown}
 v - a scroll of random uselessness {unknown}
 w - a scroll of magic mapping {unknown}
 x - a scroll of remove curse {unknown}
Potions
 g - a potion of mutation
 j - a potion of cancellation {unknown}
 k - a potion of haste {unknown}
 m - 2 potions of curing {unknown}
 o - 2 potions of flight {unknown}
 p - 2 potions of lignification {unknown}
 s - a potion of might {unknown}
 u - a potion of brilliance {unknown}
 z - a potion of resistance {unknown}


   Skills:
 + Level 4.5 Dodging
 - Level 1.7 Stealth
 - Level 2.0 Spellcasting
 - Level 0.8 Transmutations
 * Level 6.6 Earth Magic
 + Level 1.9 Evocations


You had 7 spell levels left.
You knew the following spells:

 Your Spells              Type           Power        Failure   Level
a - Sandblast             Erth           ####..       1%          1
b - Passwall              Tmut/Erth      ###.....     5%          2

Your spell library contained the following spells:

 Spells                   Type           Power        Failure   Level
 Beastly Appendage        Tmut           #.....       12%         1
 Stone Arrow              Conj/Erth      ##....       13%         3
 Wereblood                Tmut           #.......     19%         2
 Lee's Rapid Deconstruct  Erth           ####......   30%         5
 Petrify                  Tmut/Erth      ###.....     34%         4
 Spider Form              Tmut/Pois      #.........   38%         3
 Ice Form                 Ice/Tmut       #.......     80%         4
 Blade Hands              Tmut           #.........   97%         5


Dungeon Overview and Level Annotations

Branches:
Dungeon (6/15)             Temple (1/1) D:4

Altars:
Ashenzari
Cheibriados
Dithmenos
Elyvilon
Fedhas
Gozag
Kikubaaqudgha
Nemelex Xobeh
Okawaru
Qazlal
Ru
Sif Muna
Trog
Vehumet
Wu Jian
Xom
Yredelemnul
Zin
The Shining One

Annotations:
D:5 5 runed translucent doors
D:6 Duvessa


Innate Abilities, Weirdness & Mutations

You have a pair of small horns on your head.
Your flesh is heat resistant. (rF+)
You are partially covered in razor-sharp scales. (AC +1, Slay +1)


Message History

You hit Duvessa but do no damage.
Duvessa is poisoned.
Duvessa screams, "No!
How DARE you!"
Duvessa goes berserk!
Reactivating autopickup.
You feel a bit more experienced.
Duvessa hits you with a +3 short sword of speed.
Duvessa hits you with a +3 short sword of speed!
Duvessa hits you with a +3 short sword of speed!
As you read the scroll labeled MIORON WIRIGAMO, it crumbles to dust.
It is a scroll of identify.
g - a potion of mutation Duvessa hits you with a +3 short sword of speed!
* * * LOW HITPOINT WARNING * * *
Okay, then.
As you read the scroll labeled RUVEUZXOPYDAY, it crumbles to dust.
It is a scroll of enchant armour.
Your +0 robe glows green for a moment.
Duvessa hits you with a +3 short sword of speed!
You die...
Your body crumbles into a pile of gold.

####### ####### ##...#..
#.....# ##.......
#.....#####..).....
#..................
####......).##....<...
#.$.e@...##...........
......########............
^.... #....#....... ....
#....#####.## ... #....#
.# .. #....# .# . ...# ##


You could see Duvessa (berserk, fast, very poisoned).

Vanquished Creatures
  An ice beast (D:5)
  A centaur (D:5)
  Dowan (D:6)
  A howler monkey (D:4)
  2 hounds
  3 orc priests
  A gnoll shaman (D:4)
  2 orc wizards
  2 worker ants (D:4)
  4 gnolls
  A howler monkey skeleton (D:4)
  7 adders
  2 oozes
  An adder skeleton (D:4)
  2 worms
  A dart slug (D:3)
  3 leopard geckos
  16 orcs
  2 bats
  3 giant cockroaches
  3 goblins
  9 hobgoblins
  3 quokkas
  2 ball pythons
  4 frilled lizards
  9 kobolds
  A quokka zombie (D:5)
  A rat (D:1)
88 creatures vanquished.

Notes
Turn   | Place    | Note
-------+----------+-------------------------------------------
     0 | D:1      | Lanoc the Demonspawn Earth Elementalist began the quest for
                  | the Orb.
     0 | D:1      | Reached XP level 1. HP: 13/13 MP: 3/3
   358 | D:1      | Reached skill level 3 in Earth Magic
   407 | D:1      | Gained mutation: You have a pair of small horns on your
                  | head. [demonic ancestry]
   407 | D:1      | Reached XP level 2. HP: 9/19 MP: 5/5
   778 | D:3      | Reached XP level 3. HP: 16/24 MP: 6/6
  1022 | D:3      | Reached skill level 4 in Earth Magic
  1022 | D:3      | Reached XP level 4. HP: 28/30 MP: 7/7
  1055 | D:3      | Found a sparkling altar of Nemelex Xobeh.
  1059 | D:3      | Learned a level 2 spell: Passwall
  1792 | D:3      | Gained mutation: Your flesh is heat resistant. (rF+)
                  | [demonic ancestry]
  1792 | D:3      | Reached XP level 5. HP: 17/35 MP: 0/8
  2721 | D:4      | Noticed an ogre
  3075 | D:4      | Reached skill level 5 in Earth Magic
  3365 | D:4      | Reached XP level 6. HP: 35/41 MP: 9/9
  3852 | D:4      | Found a staircase to the Ecumenical Temple.
  3866 | Temple   | Entered the Ecumenical Temple
  4318 | D:4      | Found a stormy altar of Qazlal.
  4759 | D:5      | Entered Level 5 of the Dungeon
  4781 | D:5      | Found a runed translucent gate.
  4781 | D:5      | Noticed a soldier ant
  4783 | D:5      | Found a runed translucent gate.
  4783 | D:5      | Found a runed translucent gate.
  4795 | D:5      | Reached skill level 6 in Earth Magic
  4802 | D:5      | Found a runed translucent door.
  4813 | D:5      | Found a runed translucent door.
  4815 | D:5      | Found the +9 staff of Olgreb {rPois∞}
  5028 | Temple   | Became a worshipper of Gozag Ym Sagoz the Greedy
  5104 | D:5      | Found an ancient bone altar of Kikubaaqudgha.
  5104 | D:5      | Found a blossoming altar of Fedhas.
  5551 | D:4      | Gained mutation: You are partially covered in razor-sharp
                  | scales. (AC +1, Slay +1) [demonic ancestry]
  5551 | D:4      | Reached XP level 7. HP: 32/46 MP: 10/10
  5938 | D:5      | Reached skill level 1 in Evocations
  6841 | D:6      | Noticed Dowan
  6849 | D:6      | Noticed Duvessa
  6853 | D:6      | Killed Dowan
  6855 | D:6      | HP: 1/46 [Duvessa/+3 short sword of speed (16)]
  6856 | D:6      | Mangled by Duvessa

Illustrated notes

Levels and vault maps discovered:
D:1:      nicolae_arrival_washed_ashore, layout_loops_cross,
          minmay_misc_feat_columns, minmay_ruptured
D:2:      layout_basic, overflow_temple_1_default
D:3:      layout_loops_cross, nemelex_xobeh_ov_fountains_minmay
D:4:      layout_loops_corners, minmay_temple_entry_proselytizer,
          nicolae_qazlal_general_emergency
D:5:      layout_basic, grunt_temple_overflow_growth_and_decay,
          minmay_guarded_unrand_staff_of_olgreb
D:6:      layout_rooms, bloody_makhleb, minmay_holes,
          minmay_misc_feat_four_crosses, uniq_duvessa
Temple:   lightli_temple_of_artemis

Skill      XL: |  1  2  3  4  5  6  7 |
---------------+----------------------+-----
Earth Magic    | 3 4 5 6 |  6.6
Dodging        | 2 3 4 |  4.5
Evocations     | 1 |  1.9
Stealth        | |  1.7
Spellcasting   | |  2.0
Transmutations | |  0.8

Action                   |  1- 3 |  4- 6 |  7- 9 || total
-------------------------+-------+-------+-------++-------
Melee: Unarmed           |    27 |       |       ||    27
       Dagger            |    43 |   162 |    31 ||   236
       Headbutt          |     8 |    24 |     6 ||    38
 Cast: Sandblast         |     9 |    39 |     6 ||    54
       Passwall          |       |     1 |       ||     1
  Use: Scroll            |       |       |     2 ||     2
 Stab: Sleeping          |     3 |     7 |       ||    10
       Distracted        |     1 |       |       ||     1
Armor: Robe              |     9 |    11 |     3 ||    23
Dodge: Dodged            |    50 |   118 |    19 ||   187

Table legend: (Time is in decaauts)
 A = Elapsed time spent in this place.
 B = Non-inter-level travel time spent in this place.
 C = Inter-level travel time spent in this place.
 D = Time resting spent in this place.
 E = Time spent auto-exploring this place.
 F = Levels seen in this place.
 G = Mean time per level.
                   A        B        C        D        E       F      G
               +--------+--------+--------+--------+--------+-----+--------+
         Total |   6862 |   6654 |    208 |    673 |   5052 |   7 |  980.3 |
       Dungeon |   6641 |   6482 |    159 |    673 |   4896 |   6 | 1106.8 |
        Temple |    221 |    172 |     49 |      0 |    156 |   1 |  221.0 |
               +--------+--------+--------+--------+--------+-----+--------+

Top non-repeatable levels by time:
     D:4: 2194 daAuts
     D:3: 1578 daAuts
     D:5: 1380 daAuts
     D:1: 685 daAuts
     D:2: 624 daAuts
  Temple: 221 daAuts
     D:6: 177 daAuts
